 Dungeon Crawl Stone Soup version 0.29-a0-878-g7b45a56547 (webtiles) character file.

Game seed: 9258621703764906985

103446 buhh the Bewitcher (level 15, 0/81 HPs)
             Began as a Spriggan Enchanter on July 20, 2022.
             Was the Champion of Dithmenos.
             Slain by a quicksilver ooze (7 damage)
             ... on level 1 of the Spider Nest.
             The game lasted 01:11:40 (34608 turns).

buhh the Bewitcher (Spriggan Enchanter)            Turns: 34608, Time: 01:11:40

Health: 0/81       AC:  9    Str:  4    XL:     15   Next: 89%
Magic:  0/49       EV: 13    Int: 29    God:    Dithmenos [******]
Gold:   291        SH:  0    Dex: 16    Spells: 19/34 levels left

rFire   + . .      SeeInvis +   B - +8 dagger (protect)
rCold   + . .      Faith    .   Y - +3 warlock's mirror {reflect}
rNeg    . . .      Spirit   +   T - +2 robe {rF+}
rPois   .          Reflect  +   X - +3 hat of Pondering {ponderous, Will+ MP+10 Int+5}
rElec   .          Harm     .   I - +1 cloak
rCorr   .          Rampage  .   (gloves unavailable)
Will    +++..                   (boots unavailable) Stlth ***+++++++
                                M - amulet of guardian spirit
HPRegen 0.23/turn               K - ring of magical power
MPRegen 0.31/turn               i - ring of protection from cold

@: engulfed (cannot breathe), held, wreathed by umbra, very quick
A: very small, no large weapons, unfitting armour, see invisible, speed 3
a: Renounce Religion, Shadow Step, Shadow Form


You were on level 1 of the Spider Nest.
You worshipped Dithmenos.
Dithmenos was exalted by your worship.
You visited 5 branches of the dungeon, and saw 24 of its levels.
You also visited: Ice Cave.

You collected 2541 gold pieces.
You spent 2250 gold pieces at shops.

Inventory:

Hand Weapons
 B - a +8 dagger of protection (weapon)
 G - the +8 whip "Snakebite" {venom, curare, rPois}
   (You found it on level 4 of the Lair of Beasts)

   It poisons the flesh of those it strikes.
   It occasionally inflicts asphyxiating poison on those it strikes, dealing
   poison damage and causing slowness.
   rPois:     It protects you from poison.
Missiles
 L - 2 throwing nets
 N - a curare-tipped dart
 V - 58 poisoned darts
Armour
 I - a +1 cloak (worn)
 T - a +2 robe of fire resistance (worn)
 X - the +3 hat of Pondering (worn) {ponderous, Will+ MP+10 Int+5}
   (You took it off Gastronok on level 3 of the Lair of Beasts)

   Int:       It affects your intelligence (+5).
   MP:        It affects your magic capacity (+10).
   Will:      It increases your willpower.
 Y - the +3 warlock's mirror (worn) {reflect}
   (You acquired it on level 3 of the Dungeon)

   It can block and reflect piercing ranged attacks and magical attacks against
   the wielder's willpower.
Magical Staves
 Q - a staff of cold
Jewellery
 g - a ring of protection from fire
 i - a ring of protection from cold (right hand)
 j - a +6 ring of intelligence
 x - an amulet of regeneration
 H - an amulet of reflection
 K - a ring of magical power (left hand)
 M - an amulet of guardian spirit (around neck)
Wands
 A - a wand of digging (8)
 C - a wand of iceblast (33)
 D - a wand of paralysis (16)
 E - a wand of flame (45)
 O - a wand of mindburst (5)
 W - a wand of polymorph (10)
Scrolls
 a - 3 scrolls of identify {!d}
 c - 7 scrolls of teleportation {!d!d}
 d - 2 scrolls of magic mapping {!d}
 e - 2 scrolls of poison
 f - 4 scrolls of fog
 k - a scroll of torment
 l - 8 scrolls of immolation {!r}
 J - 4 scrolls of fear {!d}
 R - a scroll of noise
 S - 4 scrolls of vulnerability
Potions
 m - 2 potions of might
 n - 4 potions of lignification {!d}
 o - 6 potions of mutation {!q!d}
 p - 2 potions of invisibility {!d}
 q - 5 potions of magic {!d}
 r - 3 potions of cancellation {!q!d}
 s - 3 potions of resistance {!d}
 t - a potion of brilliance {!d}
 u - 4 potions of ambrosia {!d}
 v - 15 potions of curing {!d}
 w - 9 potions of heal wounds {!d}
 y - 6 potions of haste {!q}
 z - 4 potions of berserk rage {!q}
 F - 3 potions of degeneration
 P - 3 potions of attraction
 Z - 3 potions of flight
Miscellaneous
 h - a condenser vane
 U - a condenser vane


   Skills:
 * Level 10.3 Fighting
 - Level 10.0 Short Blades
 * Level 13.6 Dodging
 - Level 17.4 Stealth
 * Level 4.6 Shields
 - Level 10.0 Spellcasting
 - Level 18.2 Hexes
 - Level 2.0 Ice Magic
 - Level 2.0 Invocations
 - Level 10.2 Evocations


You had 19 spell levels left.
You knew the following spells:

 Your Spells              Type           Power      Damage    Failure   Level
a - Ensorcelled Hibernat  Hex/Ice        100%       N/A       1%          2
b - Confusing Touch       Hex            88%        N/A       0%          3
c - Tukima's Dance        Hex            88%        N/A       0%          3
d - Enfeeble              Hex            44%        N/A       3%          7

Your spell library contained the following spells:

 Spells                   Type           Power      Damage    Failure   Level
 Dazzling Flash           Conj/Hex       100%       N/A       1%          3
 Leda's Liquefaction      Hex/Erth       30%        N/A       1%          4
 Yara's Violent Unravell  Hex/Tmut       30%        3d13      4%          5
 Necrotise                Necr           56%        1d6       7%          1
 Gell's Gravitas          Tloc           14%        N/A       22%         3
 Teleport Other           Tloc           14%        N/A       22%         3
 Vampiric Draining        Necr           14%        2d7       22%         3
 Hailstorm                Conj/Ice       20%        3d6       43%         4
 Ice Form                 Ice/Tmut       20%        N/A       43%         4
 Agony                    Necr           14%        N/A       89%         5
 Lee's Rapid Deconstruct  Erth           7%         3d7*      89%         5
 Dispersal                Tloc           7%         N/A       100%        6
 Simulacrum               Ice/Necr       10%        N/A       100%        6
 Statue Form              Tmut/Erth      9%         N/A       100%        6


Dungeon Overview and Level Annotations

Branches:
Dungeon (15/15) Zot: 21649  Temple (1/1) D:7 Zot: 5928    Lair (5/5) D:10 Zot: 22032
  Swamp (0/4) Lair:2       Spider (1/4) Lair:3 Zot: 5640   Slime (0/5) Lair:5
    Orc (2/2) D:11 Zot: 9669     Elf (0/3) Orc:2        Vaults (0/5) D:14
  IceCv (visited)
 Depths: D:15

Altars:
Ashenzari
Cheibriados
Dithmenos
Elyvilon
Gozag
Hepliaklqana
Kikubaaqudgha
Makhleb
Okawaru
Qazlal
Sif Muna
Trog
Uskayaw
Vehumet
Wu Jian
Xom
Zin
The Shining One

Shops:
D:3 !?   D:4 :(   D:12 !   Orc:1 *   Orc:2 (!=!

Annotations:
D:3 1 runed translucent door, Crazy Yiuf
D:8 1 runed translucent door, exclusion: downstairs, Amaryllis's ghost, novice HuCA
D:10 1 runed translucent door, Phlounder's ghost, journeyman DjHW
D:11 exclusion: downstairs
D:13 exclusions: centaur warrior and downstairs
D:15 1 exclusion
Lair:4 exclusions: 3 hogs and 1 more exclusion
Lair:5 1 runed translucent door, exclusion: jelly


Innate Abilities, Weirdness & Mutations

You are very small and have problems with some larger weapons.
You are too small for most types of armour.
You have supernaturally acute eyesight. (SInv)
You cover ground extremely quickly. (Speed+++)


Message History

Press: ? - help, Shift-Dir - straight line A rock wall.
This square is wreathed by an umbra.
The rock shatters into small pieces.
The quicksilver ooze quivers.
The jumping spider leaps!
The jumping spider attacks as you move away!
You block the jumping spider's attack. The jumping spider closely misses you.
The jumping spider attacks as you move away!
The jumping spider closely misses you.
The jumping spider completely misses you.
You are caught in the web!
The jumping spider leaps!
There is a web here.
You struggle to detach yourself from the web.
The jumping spider leaps!
You struggle to detach yourself from the web.
The quicksilver ooze hits you. The quicksilver ooze engulfs you!
The quicksilver ooze hits you.
You feel your power leaking away.
The jumping spider leaps!
The quicksilver ooze hits you!
* * * LOW HITPOINT WARNING * * *
The quicksilver ooze misses you.
Okay, then.
You cannot read scrolls while unable to breathe!
You feel much better.
Your lungs strain for air!
The quicksilver ooze closely misses you.
The quicksilver ooze hits you.
The jumping spider leaps!
The quicksilver ooze hits you!!
* * * LOW HITPOINT WARNING * * *
The quicksilver ooze barely misses you.
You feel much better.
Your lungs strain for air!
The quicksilver ooze hits you! The quicksilver ooze hits you.
You struggle to detach yourself from the web.
Your lungs strain for air!
The quicksilver ooze hits you!!
* * * LOW HITPOINT WARNING * * *
The quicksilver ooze hits you!
You die...

.#.#§...####...# #.##
#.#.###.#
#....####...#### ##*
##.#..###.
###...*#.°...##
##..##..#.#
,,#....#####..##
###....#...#. ,,#...##
##..#.######...#.#.#####
,,#....*
#.###...##.....#####
,,###..###..#....##..##.#
#,,**#.#....##..Js#..^###
##,*,,,##.####.#@...###
.###,,,#..,* ###<...^#
...#,,...#,**#..###..#
..##,....**,##...#####
..#,.s.s.,###.###..#
###*#...#,#.##†.####
..####,,###...###
.###)####..)..^#
.....##.....†.##


You could see a quicksilver ooze and a jumping spider.

Vanquished Creatures
  Agnes (D:14)
  Gastronok (Lair:3)
  An ironbound preserver (D:14)
  An entropy weaver (Spider:1)
  11 hydras
  A rakshasa (D:14)
  Harold (D:9)
  4 boulder beetles
  3 ogre magi (Orc:2)
  A catoblepas (Lair:5)
  A death knight (D:14)
  8 two-headed ogres
  A centaur warrior (D:13)
  14 death yaks
  A deep troll shaman (Lair:5)
  3 tengu warriors (D:15)
  Nergalle (Orc:2)
  10 skeletal warriors
  2 orb spiders (Spider:1)
  7 orc sorcerers (Orc:2)
  A lindwurm (Lair:5)
  2 orc knights
  Pikel (D:8)
  A deep elf pyromancer (D:14)
  2 oklob plants
  6 cyclopes
  6 manticores
  9 ugly things
  3 black mambas (Lair:4)
  11 elephants
  13 cane toads
  A torpor snail (Lair:4)
  2 unseen horrors
  13 komodo dragons
  An entropy weaver simulacrum (IceCv)
  A very ugly thing simulacrum (IceCv)
  A queen bee (D:10)
  2 polar bears
  3 trolls
  A tyrant leech (Lair:2)
  A tarantella (Spider:1)
  14 blink frogs
  21 slime creatures
  19 dream sheep
  Sigmund (D:2)
  A spriggan (Lair:2)
  A jumping spider (Spider:1)
  A culicivora (Spider:1)
  5 wraiths
  A vampire (D:12)
  3 basilisks
  50 yaks
  4 wyverns
  Grum (Lair:1)
  A steam dragon (D:7)
  6 redbacks
  2 wargs (Orc:2)
  13 vampire mosquitoes
  2 acid dragons
  12 water moccasins
  2 sky beasts (D:7)
  19 orc warriors
  6 black bears
  A black bear (shapeshifter) (D:14)
  2 ugly thing simulacra (IceCv)
  7 ogres
  33 wolves
  6 centaurs
  A phantom (D:4)
  3 kobold brigands
  Blork the orc (D:5)
  11 bullfrogs
  A necrophage (D:5)
  2 gnoll sergeants
  8 wights
  28 killer bees
  5 electric eels
  A human zombie (D:4)
  A gnoll bouda (D:8)
  3 hounds
  A jelly (D:5)
  6 orc priests
  3 iguanas (D:6)
  Jessica (D:2)
  29 orc wizards
  3 scorpion zombies (D:4)
  Terence (D:2)
  4 hound zombies (D:4)
  2 mummies (D:4)
  11 gnolls
  8 adders
  2 shadow imps (D:7)
  A white imp (D:5)
  An ufetubus (D:5)
  An adder zombie (D:4)
  A dart slug (D:3)
  74 orcs
  5 bats
  5 endoplasms
  3 giant cockroaches
  4 hobgoblins
  4 jackals (D:4)
  6 quokkas
  10 ball pythons
  2 frilled lizards (D:1)
  5 goblins
  16 kobolds
  5 rats
667 creatures vanquished.

Vanquished Creatures (collateral kills)
  A skeletal warrior (D:14)
  An orc knight (D:12)
  4 wights
  A jelly (D:7)
  A gnoll (D:8)
8 creatures vanquished.

Vanquished Creatures (others)
  A wizard (D:9)
  4 dancing weapons
  An orc wizard (Orc:2)
  An orc (Orc:2)
  A kobold (D:6)
  2 bushes
  36 fungi
  89 plants
135 creatures vanquished.

Grand Total: 810 creatures vanquished

Notes
Turn   | Place    | Note
-------+----------+-------------------------------------------
     0 | D:1      | buhh the Spriggan Enchanter began the quest for the Orb.
     0 | D:1      | Reached XP level 1. HP: 9/9 MP: 5/5
     9 | D:1      | Noticed a bullfrog
    12 | D:1      | Reached XP level 2. HP: 13/13 MP: 6/6
    41 | D:1      | Learned a level 2 spell: Ensorcelled Hibernation
   328 | D:1      | Found a faded altar of an unknown god.
   338 | D:1      | Reached skill level 4 in Hexes
   671 | D:1      | Reached XP level 3. HP: 16/16 MP: 5/8
   755 | D:1      | Reached skill level 5 in Stealth
  1154 | D:2      | Noticed Sigmund
  1157 | D:2      | Killed Sigmund
  1158 | D:2      | Reached skill level 5 in Hexes
  1158 | D:2      | Reached XP level 4. HP: 21/21 MP: 9/9
  1158 | D:2      | Reached XP level 5. HP: 24/24 MP: 10/10
  1324 | D:2      | Learned a level 3 spell: Confusing Touch
  1328 | D:2      | Learned a level 3 spell: Tukima's Dance
  1383 | D:2      | Noticed Jessica
  1395 | D:2      | Killed Jessica
  1595 | D:2      | Noticed Terence
  1600 | D:2      | Killed Terence
  1833 | D:3      | Found Fizxurih's Magic Scroll Emporium.
  1838 | D:3      | Bought a scroll of identify for 22 gold pieces
  1838 | D:3      | Bought a scroll of identify for 22 gold pieces
  1838 | D:3      | Bought a scroll of identify for 22 gold pieces
  2037 | D:3      | Reached XP level 6. HP: 28/28 MP: 11/11
  2276 | D:3      | Found Wisubev's Distillery.
  2906 | D:3      | Found a runed translucent door.
  2907 | D:3      | Noticed Crazy Yiuf
  3123 | D:4      | Identified the +4 robe of the Grey Skies {Int-3 Dex+4}
  3171 | D:4      | Found an iron altar of Okawaru.
  3255 | D:4      | Reached skill level 6 in Hexes
  3356 | D:4      | Identified the +7 trident of Growth {spect, rPois rC+
                  | Will-}
  3370 | D:4      | Reached XP level 7. HP: 32/32 MP: 5/12
  3528 | D:4      | Found Zarepi's Book Shoppe.
  3529 | D:4      | Found Ruoc's Antique Weapon Shoppe.
  3688 | D:4      | Reached skill level 5 in Short Blades
  3811 | D:4      | Found an ancient bone altar of Kikubaaqudgha.
  4079 | D:4      | Reached skill level 7 in Hexes
  4321 | D:5      | Entered Level 5 of the Dungeon
  4373 | D:4      | Reached XP level 8. HP: 26/36 MP: 7/13
  4541 | D:5      | Noticed Blork the orc
  5105 | D:5      | Killed Blork the orc
  5106 | D:5      | Reached skill level 10 in Stealth
  5577 | D:6      | Reached skill level 8 in Hexes
  5763 | D:6      | Found a radiant altar of Vehumet.
  6314 | D:6      | Found a stormy altar of Qazlal.
  7130 | D:6      | Found a hazy altar of Hepliaklqana.
  7460 | D:7      | Reached XP level 9. HP: 39/39 MP: 9/14
  7529 | D:7      | Reached skill level 9 in Hexes
  7840 | D:7      | Found a staircase to the Ecumenical Temple.
  7851 | Temple   | Entered the Ecumenical Temple
  7939 | Temple   | Became a worshipper of Dithmenos the Shadowed
  8547 | D:8      | Noticed Pikel
  8793 | D:8      | Found a glowing silver altar of Zin.
  8836 | D:8      | Found a runed translucent door.
  8836 | D:8      | Found a shimmering altar of Xom.
  8836 | D:8      | Noticed Amaryllis's ghost (novice HuCA)
  8836 | D:8      | Noticed a +0 dagger of chaos
  8859 | D:8      | Reached * piety under Dithmenos
  8991 | D:8      | Killed Pikel
  8992 | D:8      | Reached skill level 10 in Hexes
  9757 | D:8      | Reached XP level 10. HP: 36/44 MP: 7/15
 10176 | D:8      | Noticed an angel
 10324 | D:9      | Noticed a gargoyle
 10477 | D:9      | Noticed Harold
 10593 | D:9      | Reached skill level 1 in Ice Magic
 10606 | D:9      | Reached skill level 1 in Fighting
 10606 | D:9      | Reached skill level 11 in Hexes
 10621 | D:9      | Reached ** piety under Dithmenos
 10762 | D:9      | Noticed a two-headed ogre
 10768 | D:9      | Killed a two-headed ogre
 11081 | D:9      | Noticed a two-headed ogre
 11163 | D:9      | Found a bloodstained altar of Trog.
 11165 | D:9      | Noticed a wizard
 11170 | D:9      | Killed a wizard
 11261 | D:10     | Entered Level 10 of the Dungeon
 11297 | D:10     | Found a staircase to the Lair.
 11323 | D:10     | Noticed a two-headed ogre
 11418 | D:10     | Found a shimmering blue altar of Sif Muna.
 11748 | D:10     | Killed a two-headed ogre
 11875 | D:10     | Reached skill level 12 in Hexes
 12105 | D:10     | Identified the +3 chain mail of the Apprentice {rPois Str+6
                  | Int-5 Stlth+}
 12216 | D:10     | Noticed a two-headed ogre
 12222 | D:10     | Killed a two-headed ogre
 12223 | D:10     | Reached skill level 10 in Short Blades
 12223 | D:10     | Reached XP level 11. HP: 53/53 MP: 16/16
 12361 | D:10     | Found a runed translucent door.
 12362 | D:10     | Found a shimmering altar of Xom.
 12362 | D:10     | Noticed Phlounder's ghost (journeyman DjHW)
 12363 | D:10     | Noticed a +1 war axe of chaos
 12516 | D:9      | Reached *** piety under Dithmenos
 12532 | D:9      | Killed Harold
 12620 | D:9      | Found a hide-covered altar of Uskayaw.
 12845 | D:9      | Killed a two-headed ogre
 13317 | D:11     | Reached skill level 15 in Stealth
 13335 | D:11     | Reached skill level 5 in Fighting
 13438 | D:11     | Reached skill level 13 in Hexes
 13535 | D:11     | Noticed a four-headed hydra
 13546 | D:11     | Killed a four-headed hydra
 13721 | D:11     | Found a staircase to the Orcish Mines.
 14404 | D:12     | Found Deut Muc's Distillery.
 14407 | D:12     | Bought a potion of curing for 33 gold pieces
 14407 | D:12     | Bought a potion of curing for 33 gold pieces
 14408 | D:12     | Noticed a two-headed ogre
 14413 | D:12     | Noticed a five-headed hydra
 14414 | D:12     | Killed a two-headed ogre
 14415 | D:12     | Reached skill level 1 in Evocations
 14420 | D:12     | Killed a five-headed hydra
 14469 | D:12     | You fall into a shaft and drop 3 floors!
 14469 | D:15     | Entered Level 15 of the Dungeon
 14518 | D:14     | Noticed a death knight
 14539 | D:14     | Noticed a rakshasa
 14559 | D:13     | Noticed a centaur warrior
 14576 | D:13     | Noticed a two-headed ogre
 14576 | D:13     | Noticed a brown ugly thing
 14594 | D:13     | Noticed a two-headed ogre
 14788 | D:12     | Noticed a boulder beetle
 14793 | D:12     | Killed a boulder beetle
 14794 | D:12     | Reached skill level 14 in Hexes
 14794 | D:12     | Reached XP level 12. HP: 62/62 MP: 17/17
 14831 | D:12     | Reached **** piety under Dithmenos
 15171 | D:12     | Reached skill level 5 in Evocations
 16448 | Lair:1   | Entered Level 1 of the Lair of Beasts
 16902 | Lair:1   | Reached skill level 15 in Hexes
 17452 | Lair:1   | Noticed Grum
 17498 | Lair:1   | Killed Grum
 18271 | Lair:2   | Noticed a four-headed hydra
 18308 | Lair:1   | Killed a four-headed hydra
 18308 | Lair:1   | Reached ***** piety under Dithmenos
 18389 | Lair:2   | Reached XP level 13. HP: 39/68 MP: 18/18
 18844 | Lair:2   | Found a staircase to the Swamp.
 19326 | Lair:2   | Found a shimmering blue altar of Sif Muna.
 19749 | Lair:3   | You fall into a shaft and drop 2 floors!
 19749 | Lair:5   | Entered Level 5 of the Lair of Beasts
 20224 | Lair:5   | Reached skill level 16 in Hexes
 20362 | Lair:5   | Found a runed translucent door.
 20446 | Lair:4   | Reached skill level 1 in Invocations
 20446 | Lair:4   | Reached skill level 10 in Evocations
 21136 | D:1      | Learned a level 7 spell: Enfeeble
 21213 | D:3      | Bought a scroll of acquirement for 572 gold pieces
 21213 | D:3      | Acquired the +3 warlock's mirror {reflect}
 21213 | D:3      | Found the +3 warlock's mirror {reflect}
 21630 | Lair:3   | Reached skill level 1 in Shields
 21638 | Lair:3   | Reached skill level 5 in Dodging
 21644 | Lair:3   | Reached ****** piety under Dithmenos
 21860 | Lair:3   | Found a hole to the Spider Nest.
 21874 | Lair:3   | Noticed Gastronok
 21899 | Lair:3   | Killed Gastronok
 22539 | Lair:4   | Reached XP level 14. HP: 75/75 MP: 22/22
 22549 | Lair:4   | Reached skill level 5 in Spellcasting
 22595 | Lair:4   | Found the +8 whip "Snakebite" {venom, curare, rPois}
 22683 | Lair:4   | Found the +2 hood of the Assassin {Detection Stab+ Stlth++}
 24099 | D:12     | Bought 2 potions of magic for 176 gold pieces
 24099 | D:12     | Bought a potion of haste for 110 gold pieces
 24678 | D:13     | Acquired 521 gold pieces
 25314 | D:14     | Reached skill level 10 in Fighting
 25482 | D:14     | Identified the +9 hand axe of Discord {freeze, rPois Dex+3}
 26082 | D:14     | Noticed an ironbound preserver
 26083 | D:14     | Found a gate to the Vaults.
 26087 | D:14     | Noticed Agnes
 26496 | Orc:1    | Entered Level 1 of the Orcish Mines
 26802 | Orc:2    | Entered Level 2 of the Orcish Mines
 26879 | Orc:2    | Found a staircase to the Elven Halls.
 27869 | Orc:1    | Found Luereats's General Store.
 27937 | Orc:1    | Bought a potion of curing for 39 gold pieces
 28670 | Orc:2    | Found Ytusor's Antique Weapon Emporium.
 28877 | Orc:2    | Found a radiant altar of Vehumet.
 28881 | Orc:2    | Found Yklehac's Distillery.
 29076 | Orc:2    | Bought a potion of heal wounds for 65 gold pieces
 29076 | Orc:2    | Bought a potion of heal wounds for 65 gold pieces
 29076 | Orc:2    | Bought a potion of curing for 39 gold pieces
 29076 | Orc:2    | Bought a potion of resistance for 130 gold pieces
 29076 | Orc:2    | Bought a potion of curing for 39 gold pieces
 29076 | Orc:2    | Bought a potion of lignification for 39 gold pieces
 29078 | Orc:2    | Found an ancient bone altar of Kikubaaqudgha.
 29078 | Orc:2    | Noticed Nergalle
 29086 | Orc:2    | Killed Nergalle
 29106 | Orc:2    | Found Jeapun's Jewellery Emporium.
 29147 | Orc:2    | Found Hoodod's Distillery.
 29162 | Orc:2    | Bought 2 potions of magic for 208 gold pieces
 29162 | Orc:2    | Bought a potion of might for 52 gold pieces
 29162 | Orc:2    | Bought a potion of mutation for 104 gold pieces
 29162 | Orc:2    | Bought a potion of haste for 130 gold pieces
 29194 | Orc:2    | Bought a ring of protection from cold for 350 gold pieces
 29446 | D:14     | Reached skill level 10 in Dodging
 29446 | D:14     | Reached XP level 15. HP: 80/80 MP: 28/28
 29969 | D:14     | Killed Agnes
 30285 | D:15     | Reached skill level 17 in Hexes
 30596 | D:15     | Reached skill level 10 in Spellcasting
 32896 | Lair:5   | Reached skill level 18 in Hexes
 33560 | Lair:5   | Found a staircase to the Slime Pits.
 33855 | Spider:1 | Entered Level 1 of the Spider Nest
 34245 | Spider:1 | Found a frozen archway.
 34254 | IceCv    | Entered an ice cave
 34608 | Spider:1 | Slain by a quicksilver ooze

Illustrated notes

Levels and vault maps discovered:
D:1:      evilmike_arrival_come_back, layout_loops_ring,
          shapermc_ecumenical_altar_starsandcircs
D:2:      layout_rooms, minmay_tiny_reverse_x, uniq_jessica, uniq_sigmund,
          uniq_terence
D:3:      layout_loops_ring, serial_shops, nicolae_shop_hallway_plus,
          nicolae_shop_statue_plus, minmay_misc_feat_doors,
          uniq_crazy_yiuf_cottage
D:4:      layout_loops_ring, lemuel_mausoleum_altar_kikubaaqudgha,
          mainiacjoe_overflow_cross_hatched, nicolae_wooded_promenade
D:5:      layout_cave_pools, minmay_stone_trees_medium, st_stairs_7,
          kennysheep_generic_room_12, uniq_blork_the_orc
D:6:      layout_basic, nzn_hepliaklqana_mist_gate, fiery_altar_vehumet,
          nicolae_qazlal_general_emergency
D:7:      layout_basic, minmay_temple_entry_glassed_door, kennysheep_crisscross
D:8:      layout_rooms, zin_angel, serial_co_window_serial, co_window_paths_a,
          co_window_of_opportunity_a, co_window_corner_a, co_window_corner_a,
          co_window_of_opportunity_a, co_window_corner_a, co_window_corner_a,
          co_window_of_opportunity_c, co_window_paths_c, co_window_broadway_b,
          co_window_corner_ca, co_window_broadway_c, co_window_4corner_a,
          co_window_paths_e, glass_columns_b, glass_columns_a, glass_columns_a,
          glass_columns_a, ebering_ghost_xom, uniq_pikel
D:9:      layout_roguey, general_overflow_altar, trog_wizard, uniq_harold
D:10:     layout_gridville, old_standard_altar, david_lair_shrubbed,
          ebering_ghost_xom, minivault_7
D:11:     layout_loops_ring, david_orc_2, kennysheep_minor_cross
D:12:     layout_gridville, serial_shops, shop
D:13:     layout_basic
D:14:     layout_loops_ring, skrybe_vaults_entry_preservation, uniq_agnes
D:15:     grunt_enter_depths_snipers, layout_cave_pools, dk_noncrumbling_4
Temple:   oiseaux_autumnal_temple
Lair:1:   wad_woods_04, layout_misc_corridors, grunt_forest_small_clearings,
          uniq_grum
Lair:2:   layout_regular_city, minmay_swamp_entry_worms, basic_altar,
          grunt_forest_stairs_clearing, serial_bayou_shore_a,
          serial_bayou_shore_b, lemuel_fruit_fields
Lair:3:   layout_regular_city, spider_nest_entry_webs, uniq_gastronok
Lair:4:   minmay_guarded_unrand_snakebite, layout_concentric_octagons,
          nicolae_lair_lil_pond, lemuel_fruit_tree, uniq_kirke
Lair:5:   grunt_lair_end_beastmaster, layout_big_grid, slime_entry_2,
          st_stairs_13, wad_woods_river_01, infiniplex_staircase_pool,
          lemuel_fruit_fields
Spider:1: layout_spider_delve, portal_ice_cave_entry_pillars_four,
          nicolae_spider_nooks_and_crannies
Orc:1:    layout_caves, serial_shops, nicolae_lakefront_shop, mines3_lemuel
Orc:2:    kennysheep_orc_mage_school, layout_diamond_mine

Skill      XL: |  1  2  3  4  5  6  7  8  9 10 11 12 13 14 15 |
---------------+----------------------------------------------+-----
Dodging        | 3 6 10 13 | 13.6
Spellcasting   | 3 4 8 10 | 10.0
Hexes          | 4 5 6 7 8 10 12 14 15 16 18 | 18.2
Stealth        | 6 8 9 11 13 14 15 16 17 | 17.4
Short Blades   | 3 4 5 7 9 10 | 10.0
Ice Magic      | 2 |  2.0
Fighting       | 3 6 7 9 10 | 10.3
Evocations     | 4 8 10 | 10.2
Invocations    | 2 |  2.0
Shields        | 2 4 |  4.6

Action                   |  1- 3 |  4- 6 |  7- 9 | 10-12 | 13-15 || total
-------------------------+-------+-------+-------+-------+-------++-------
Melee: Dagger            |    34 |    68 |   284 |   450 |   709 ||  1545
       Punch             |       |       |     4 |     6 |       ||    10
 Cast: Ensorcelled Hiber |    11 |    46 |    96 |   186 |   303 ||   642
       Tukima's Dance    |       |     1 |    10 |    11 |     5 ||    27
       Confusing Touch   |       |       |    14 |    25 |     7 ||    46
       Enfeeble          |       |       |       |       |    65 ||    65
Evoke: Wand              |       |       |       |       |     8 ||     8
       Condenser vane    |       |       |       |       |     1 ||     1
  Use: Scroll            |       |     8 |    10 |     7 |    12 ||    37
       Potion            |       |       |       |       |     2 ||     2
 Stab: Sleeping          |    19 |    29 |    53 |   113 |   263 ||   477
       Distracted        |       |     1 |       |     1 |     3 ||     5
       Confused          |       |       |     9 |    23 |     6 ||    38
       Invisible         |       |       |       |       |    42 ||    42
Armor: Robe              |     2 |     5 |    31 |    57 |    64 ||   159
Dodge: Dodged            |    16 |    22 |   141 |   237 |   286 ||   702
Block: Other             |       |    11 |    44 |    64 |    12 ||   131
       Reflection        |       |       |     4 |     1 |    16 ||    21
       Buckler           |       |       |       |       |   281 ||   281

Table legend: (Time is in decaauts)
 A = Elapsed time spent in this place.
 B = Non-inter-level travel time spent in this place.
 C = Inter-level travel time spent in this place.
 D = Time resting spent in this place.
 E = Time spent auto-exploring this place.
 F = Levels seen in this place.
 G = Mean time per level.
                   A        B        C        D        E       F      G
               +--------+--------+--------+--------+--------+-----+--------+
         Total |  27376 |  25915 |   1461 |   6244 |  14138 |  25 | 1095.0 |
       Dungeon |  16374 |  15310 |   1064 |   3607 |   8629 |  15 | 1091.6 |
        Temple |     71 |     54 |     17 |      0 |     41 |   1 |   71.0 |
          Lair |   7967 |   7706 |    261 |   1526 |   4471 |   5 | 1593.4 |
   Spider Nest |    358 |    358 |      0 |    135 |     91 |   1 |  358.0 |
  Orcish Mines |   2330 |   2213 |    117 |    818 |    904 |   2 | 1165.0 |
      Ice Cave |    274 |    274 |      0 |    157 |      0 |   1 |  274.0 |
               +--------+--------+--------+--------+--------+-----+--------+

Top non-repeatable levels by time:
  Lair:5: 2396 daAuts
  Lair:1: 1788 daAuts
  Lair:3: 1601 daAuts
   Orc:2: 1597 daAuts
    D:13: 1570 daAuts
    D:14: 1448 daAuts
     D:8: 1424 daAuts
    D:10: 1399 daAuts
    D:11: 1369 daAuts
     D:5: 1339 daAuts
  Lair:4: 1304 daAuts
     D:4: 1204 daAuts
     D:6: 1076 daAuts
     D:9: 959 daAuts
    D:12: 943 daAuts
